 Dungeon Crawl Stone Soup version 0.24.0-13-gcf9b3192b9 (webtiles) character file.

Game seed: 4082319822720378774, levelgen mode: deterministic

1813 no0bjke the Cleaver (level 9, 0/51 HPs)
             Began as a Gargoyle Fighter on Nov 5, 2019.
             Was an Initiate of Okawaru.
             Engulfed by a steam dragon's steam (8 damage)
             ... on level 7 of the Dungeon.
             The game lasted 00:09:26 (8292 turns).

no0bjke the Cleaver (Gargoyle Fighter)              Turns: 8292, Time: 00:09:26

Health: 0/51       AC: 19    Str: 24    XL:     9   Next: 10%
Magic:  9/9        EV:  4    Int: 11    God:    Okawaru [......]
Gold:   334        SH:  9    Dex:  9    Spells: 8/8 levels left

rFire    . . .     SeeInvis .   a - +0 war axe
rCold    . . .     Gourm    .   c - +0 shield
rNeg     + . .     Faith    .   u - +0 plate armour
rPois    ∞         Spirit   .   s - +0 helmet
rElec    +         Reflect  .   (no cloak)
rCorr    .         Harm     .   (no gloves)
MR       .....                  (no boots)
Stlth    ..........             (no amulet)
HPRegen  0.17/turn              v - +3 ring of intelligence
MPRegen  0.11/turn              (no ring)

@: no status effects
A: negative energy resistance 1, electricity resistance, unbreathing,
petrification resistance, rot immunity, AC +6
a: Renounce Religion


You were on level 7 of the Dungeon.
You worshipped Okawaru.
Okawaru was noncommittal.
You were not hungry.

You visited 2 branches of the dungeon, and saw 8 of its levels.

You collected 334 gold pieces.

Inventory:

Hand Weapons
 a - a +0 war axe (weapon)
Armour
 c - a +0 shield (worn)
 s - a +0 helmet (worn)
 u - a +0 plate armour (worn)
Jewellery
 v - a +3 ring of intelligence (left hand)
 y - an uncursed amulet of guardian spirit {unknown}
Wands
 q - a wand of flame (31)
Scrolls
 b - 2 scrolls of enchant armour {unknown}
 e - 7 scrolls of remove curse {unknown}
 h - 2 scrolls of enchant weapon {unknown}
 m - a scroll of teleportation {unknown}
 n - 7 scrolls of identify {unknown}
 o - a scroll of amnesia {unknown}
 p - a scroll of fear {unknown}
 x - a scroll of torment {unknown}
Potions
 d - 2 potions of might
 g - a potion of degeneration {unknown}
 i - 2 potions of flight {unknown}
 j - 2 potions of heal wounds
 k - a potion of agility
 l - a potion of lignification {unknown}
 r - a potion of brilliance {unknown}
 t - a potion of mutation {unknown}
 w - a potion of ambrosia {unknown}
Comestibles
 f - 9 rations
 z - 6 chunks of flesh


   Skills:
 - Level 3.2 Fighting
 * Level 10.6 Axes
 - Level 3.2 Armour
 - Level 3.2 Shields


You had 8 spell levels left.
You didn't know any spells.
Your spell library contained the following spells:

 Spells                   Type           Power        Failure   Level  Hunger
 Confusing Touch          Hex            #.....       100%        1    ##.....
 Confuse                  Hex            #.......     100%        3    ####...
 Gell's Gravitas          Tloc           #.........   100%        3    ####...
 Petrify                  Tmut/Erth      #.......     100%        4    #####..
 Metabolic Englaciation   Hex/Ice        #.........   100%        5    ######.
 Yara's Violent Unravell  Hex/Tmut       #.........   100%        5    ######.


Dungeon Overview and Level Annotations

Branches:
Dungeon (7/15)             Temple (1/1) D:7

Altars:
Cheibriados
Dithmenos
Elyvilon
Fedhas
Gozag
Kikubaaqudgha
Makhleb
Nemelex Xobeh
Okawaru
Qazlal
Ru
Trog
Uskayaw
Vehumet
Wu Jian
Xom
Yredelemnul
Zin
The Shining One

Shops:
D:4 %   D:5 *

Annotations:
D:3 3 runed translucent doors, exclusion: oklob plant, OleJ's ghost, amateur TeTm
D:5 1 runed translucent door, ambioZ's ghost, novice TrTm


Innate Abilities, Weirdness & Mutations

You are resistant to torment.
Your stone body is resilient. (AC +6)
You are immune to poison.
You resist negative energy. (rN+)
You are resistant to electric shocks. (rElec)
You can survive without breathing.
You are immune to petrification.
You are immune to rotting.


Message History

The steam dragon is heavily wounded.
The steam dragon bites you. You block the steam dragon's attack.
You hit the steam dragon.
The steam dragon is heavily wounded.
You block the steam dragon's attack. The steam dragon claws you.
You barely miss the steam dragon.
The steam dragon is heavily wounded.
The steam dragon breathes steam at you. The ball of steam hits you!
* * * LOW HITPOINT WARNING * * *
Your plate armour prevents you from hitting the steam dragon.
The steam dragon is heavily wounded.
You are engulfed in a cloud of scalding steam.
* * * LOW HITPOINT WARNING * * *
The steam dragon bites you but does no damage.
The steam dragon claws you but does no damage.
You barely miss the steam dragon.
The steam dragon is heavily wounded.
You are engulfed in a cloud of scalding steam.
You die...

##.≈≈≈≈≈≈...≈≈≈≈≈≈.#
##.≈≈≈≈≈≈.>.≈≈≈≈≈≈.#
...≈≈≈≈≈≈...≈≈≈≈≈≈.#
....≈≈≈≈≈≈≈≈≈≈≈≈≈..#
......≈≈≈≈≈≈≈≈≈.[..#
.....(..≈≈≈≈≈......#
.............!.....#
#..##..........D#.##
...##.#########.@§##
#####.# #÷§§.#####
..# #÷.#§...... #..#
#######....######
.... ..........##
###.# #.#####.###
#.# #.# ..# ...#


You could see a steam dragon.

Vanquished Creatures
  Menkaure (D:4)
  4 orc warriors (D:6)
  An ice beast (D:6)
  An ogre (D:5)
  A phantom (D:7)
  A gnoll sergeant (D:7)
  A scorpion (D:7)
  A crimson imp (D:5)
  2 hounds
  A centaur skeleton (D:7)
  A jelly (D:4)
  5 orc priests
  2 iguanas (D:6)
  5 orc wizards
  6 worker ants
  2 hound skeletons
  A worker ant zombie (D:5)
  Robin (D:3)
  7 gnolls
  7 adders
  A shadow imp (D:5)
  2 oozes (D:1)
  An adder skeleton (D:4)
  3 worms
  A dart slug (D:4)
  4 leopard geckos
  22 orcs
  2 ball pythons (D:2)
  5 bats
  2 giant cockroaches
  13 goblins
  7 hobgoblins
  8 jackals
  4 quokkas
  A ball python zombie (D:5)
  A frilled lizard (D:3)
  A jackal zombie (D:6)
  3 kobolds
  2 rats
134 creatures vanquished.

Vanquished Creatures (others)
  An orc wizard (D:4)
1 creature vanquished.

Grand Total: 135 creatures vanquished

Notes
Turn   | Place    | Note
-------+----------+-------------------------------------------
     0 | D:1      | no0bjke the Gargoyle Fighter began the quest for the Orb.
     0 | D:1      | Reached XP level 1. HP: 14/14 MP: 1/1
    95 | D:1      | Reached skill level 2 in Axes
   183 | D:1      | Reached XP level 2. HP: 19/19 MP: 2/2
   675 | D:2      | Reached skill level 3 in Axes
   681 | D:1      | Reached XP level 3. HP: 7/23 MP: 3/3
  1163 | D:2      | Found a bloodstained altar of Trog.
  1417 | D:2      | Reached XP level 4. HP: 28/28 MP: 4/4
  2004 | D:3      | Reached skill level 4 in Axes
  2080 | D:3      | Noticed Robin
  2257 | D:3      | Killed Robin
  2400 | D:3      | Found a runed translucent gate.
  2400 | D:3      | Found a runed translucent gate.
  2414 | D:3      | Found a runed translucent gate.
  2414 | D:3      | Noticed OleJ's ghost (amateur TeTm)
  2516 | D:3      | Found a blossoming altar of Fedhas.
  2531 | D:3      | Noticed an oklob plant
  3037 | D:4      | Reached XP level 5. HP: 29/32 MP: 5/5
  3298 | D:4      | Found a snail-covered altar of Cheibriados.
  3311 | D:4      | Reached skill level 5 in Axes
  3447 | D:4      | Noticed Menkaure
  3461 | D:4      | Killed Menkaure
  3461 | D:4      | Reached XP level 6. HP: 8/37 MP: 6/6
  3811 | D:4      | Found a stormy altar of Qazlal.
  4013 | D:4      | Reached skill level 6 in Axes
  4595 | D:4      | Found Siuw's Food Emporium.
  4807 | D:5      | Entered Level 5 of the Dungeon
  5108 | D:5      | Found a runed translucent door.
  5111 | D:5      | Noticed ambioZ's ghost (novice TrTm)
  5184 | D:5      | Reached XP level 7. HP: 25/41 MP: 7/7
  5349 | D:5      | HP: 1/41 [orc priest/divine providence (16)]
  5350 | D:5      | Reached skill level 7 in Axes
  5364 | D:5      | HP: 1/41 [orc priest/+0 club (3)]
  5605 | D:5      | Found Caqiukk Kone's General Store.
  5725 | D:5      | Reached skill level 8 in Axes
  5783 | D:5      | Reached XP level 8. HP: 8/46 MP: 8/8
  5789 | D:5      | HP: 1/46 [orc wizard/magic dart (3)]
  6150 | D:5      | Found a shimmering altar of Xom.
  6162 | D:5      | Found a sacrificial altar of Ru.
  6213 | D:5      | Found a white marble altar of Elyvilon.
  6213 | D:5      | Found a bloodstained altar of Trog.
  6219 | D:5      | Found an ornate altar of the Wu Jian Council.
  6224 | D:5      | Found a glowing golden altar of the Shining One.
  6268 | D:5      | Found a burning altar of Makhleb.
  6268 | D:5      | Noticed a cacodemon
  6271 | D:5      | Noticed a smoke demon
  6271 | D:5      | Noticed a hellwing
  6372 | D:6      | Found a hide-covered altar of Uskayaw.
  6894 | D:6      | Reached skill level 9 in Axes
  7649 | D:6      | Found a bloodstained altar of Trog.
  7724 | D:6      | Reached skill level 10 in Axes
  7981 | D:7      | Found a shadowy altar of Dithmenos.
  8042 | D:7      | Reached XP level 9. HP: 51/51 MP: 9/9
  8073 | D:7      | Found a staircase to the Ecumenical Temple.
  8075 | D:7      | Found an ancient bone altar of Kikubaaqudgha.
  8104 | Temple   | Entered the Ecumenical Temple
  8182 | Temple   | Became a worshipper of Warmaster Okawaru
  8292 | D:7      | Engulfed by a steam dragon's steam

Levels and vault maps discovered:
D:1:      wheals_arrival_linesprint, layout_basic
D:2:      layout_loops_ring, first_ration, bloody_trog
D:3:      layout_loops_ring, ebering_ghost_rock_garden, glass_columns_a,
          tgw_fedhas, uniq_robin
D:4:      layout_layer_cave, kennysheep_slug_shrine,
          nicolae_qazlal_general_emergency, serial_shops, shop,
          grunt_decor_mini_mirrors, uniq_menkaure
D:5:      layout_rooms, makhleb_altar_promises_db, minmay_overflow_temple_hex,
          hellmonk_ghost_happy_afterlife, serial_shops, shop
D:6:      layout_basic, basic_altar, trog_butcher_becter
D:7:      layout_loops_ring, ashenzari_altar_1, kennysheep_vampire_church,
          grunt_dithmenos_smoke_and_mirrors, temple_pool_b, basic_altar,
          the_bakery, uniq_harold
Temple:   compressed_dpeg_triangle_lava_temple

Skill      XL: |  1  2  3  4  5  6  7  8 |
---------------+-------------------------+-----
Axes           | 2 3 4 5 6 8 10 | 10.6
Fighting       | |  3.2
Armour         | |  3.2
Shields        | |  3.2

Action                   |  1- 3 |  4- 6 |  7- 9 || total
-------------------------+-------+-------+-------++-------
Melee: War axe           |    95 |   215 |   254 ||   564
  Use: Potion            |       |       |     3 ||     3
  Eat: Chunk             |     2 |     8 |     7 ||    17
       Ration            |       |     1 |     1 ||     2
Armor: Scale mail        |    72 |   121 |    62 ||   255
       Plate armour      |       |       |    75 ||    75
Dodge: Dodged            |    33 |    68 |    57 ||   158
Block: Shield            |    68 |   115 |   124 ||   307
